 Dungeon Crawl Stone Soup version 0.26-b1-52-g61e05abef2 (webtiles) character file.

Game seed: 3707905746155640334

1224 DildoBatman the Magician (level 8, -5/58 HPs)
             Began as a Formicid Conjurer on Jan 7, 2021.
             Was a Follower of Kikubaaqudgha.
             Slain by Crazy Yiuf
             ... wielding a +3 quarterstaff of chaos
              (7 damage)
             ... while petrified by Crazy Yiuf
             ... on level 2 of the Dungeon.
             The game lasted 00:15:43 (3872 turns).

DildoBatman the Magician (Formicid Conjurer)        Turns: 3872, Time: 00:15:43

Health: -5/58      AC:  4    Str: 13    XL:     8   Next: 76%
Magic:  9/18       EV:  2    Int: 19    God:    Kikubaaqudgha [*.....]
Gold:   123        SH:  0    Dex:  9    Spells: 10/21 levels left

rFire    . . .     SeeInvis +   a - +0 hunting sling
rCold    . . .     Faith    .   (no shield)
rNeg     + + +     Spirit   .   k - +0 robe
rPois    ∞         Reflect  .   (helmet unavailable)
rElec    .         Harm     .   (no cloak)
rCorr    .         Rampage  .   C - +0 pair of gloves
Will     .....                  d - +0 pair of boots
Stlth    ++........             m - amulet of magic regeneration
HPRegen  0.19/turn              (no ring)
MPRegen  0.41/turn              (no ring)

@: petrified
A: permanent stasis, dig shafts and tunnels, four strong arms, antennae 3
a: Dig, Shaft Self, Renounce Religion, Receive Corpses


You were on level 2 of the Dungeon.
You worshipped Kikubaaqudgha.
Kikubaaqudgha was aware of your devotion.
You visited 2 branches of the dungeon, and saw 6 of its levels.

You collected 214 gold pieces.
You spent 91 gold pieces at shops.

Inventory:

Hand Weapons
 a - a +0 hunting sling (weapon)
 b - a +0 dagger of venom
 o - a +0 hand crossbow
 t - a +0 whip of freezing
Missiles
 e - 164 stones (quivered ammo)
 h - 75 arrows
 r - 16 poisoned darts
 A - 57 bolts
 B - 52 sling bullets
 J - 2 boomerangs of dispersal
Armour
 d - a +0 pair of boots (worn)
 k - a +0 robe (worn)
 C - a +0 pair of gloves (worn)
Jewellery
 m - an amulet of magic regeneration (around neck)
Wands
 c - a wand of disintegration (10)
 F - a wand of flame (5)
Scrolls
 g - a scroll of enchant weapon {unknown}
 l - 3 scrolls of enchant armour
 n - 2 scrolls of amnesia
 s - 2 scrolls of immolation {unknown}
 v - a scroll of fear {unknown}
 w - a scroll of blinking {unknown}
 x - 2 scrolls of remove curse
 y - 3 scrolls of magic mapping
 z - 2 scrolls of identify
Potions
 f - a potion of lignification {unknown}
 i - a potion of might {unknown}
 j - a potion of berserk rage {unknown}
 p - a potion of haste
 q - 3 potions of degeneration {unknown}
 u - 2 potions of heal wounds {unknown}
 D - 3 potions of attraction {unknown}
 E - a potion of brilliance {unknown}
 G - a potion of mutation {unknown}
 H - a potion of curing
 I - a potion of magic {unknown}


   Skills:
 * Level 3.0 Fighting
 * Level 3.0 Armour
 * Level 2.5 Dodging
 - Level 2.4 Stealth
 - Level 7.0 Spellcasting
 - Level 6.0 Conjurations
 * Level 1.7 Necromancy


You had 10 spell levels left.
You knew the following spells:

 Your Spells              Type           Power        Failure   Level
a - Searing Ray           Conj           58%          1%          2
b - Dazzling Flash        Conj/Hex       36%          9%          3
c - Magic Dart            Conj           100%         1%          1
d - Vampiric Draining     Necr           6%           14%         3
z - Sublimation of Blood  Necr           6%           8%          2

Your spell library contained the following spells:

 Spells                   Type           Power        Failure   Level
 Animate Skeleton         Necr           26%          4%          1
 Pain                     Necr           52%          4%          1
 Fulminant Prism          Conj/Hex       9%           28%         4
 Iskenderun's Mystic Bla  Conj/Tloc      18%          28%         4


Dungeon Overview and Level Annotations

Branches:
Dungeon (5/15)             Temple (1/1) D:4

Altars:
Ashenzari
Cheibriados
Dithmenos
Elyvilon
Gozag
Kikubaaqudgha
Makhleb
Nemelex Xobeh
Okawaru
Qazlal
Ru
Sif Muna
Trog
Uskayaw
Vehumet
Wu Jian
Zin
The Shining One
Lugonu

Shops:
D:5 !?(}:

Annotations:
D:2 exclusion: balrug, Crazy Yiuf


Innate Abilities, Weirdness & Mutations

You cannot be hasted, slowed, berserked, paralysed or teleported.
You can dig through walls and to a lower floor.
Your four strong arms can wield two-handed weapons with a shield.
You have a pair of large antennae on your head. (SInv)


Message History

You are electrocuted!
Casting: Dazzling Flash (dangerous; 9% risk of failure)
Confirm with . or Enter, or press ? or * to list all spells.
Crazy Yiuf hits you with a +3 quarterstaff of chaos!
You are slowing down.
Casting: Dazzling Flash (dangerous; 9% risk of failure)
Confirm with . or Enter, or press ? or * to list all spells.
Crazy Yiuf is dazzled.
Crazy Yiuf barely misses you.
Crazy Yiuf hits you with a +3 quarterstaff of chaos!
Space bends around you.
Your limbs are stiffening.
Crazy Yiuf grits, "Shower alas senile!"
Crazy Yiuf barely misses you.
You have turned to stone.
Crazy Yiuf is no longer blind.
Crazy Yiuf hits you with a +3 quarterstaff of chaos.
Crazy Yiuf hits you with a +3 quarterstaff of chaos!
You die...
Kikubaaqudgha rasps: "You have failed me!
Welcome... oblivion!"

♣♣### .♣+.## .....## ......#
♣.'.g.# ♣♣###.#
#..#################
#...........g@....>#######
#####.###########.#.........#
..........# #.#.##..###.#
..........# #.#.##....#.#
.[........# #.#.##....#.#
######..### #.#.##....#.#
##.# #.#.......#.# #.#
#.####.#..#.# #### #.#
##......#..#.#


You could see Crazy Yiuf (fast).

Vanquished Creatures
  Pikel (D:4)
  An ice beast (D:5)
  2 sky beasts (D:5)
  A centaur (D:5)
  4 lemures (D:4)
  A hound (D:4)
  A bullfrog skeleton (D:5)
  A centaur skeleton (D:4)
  An iguana (D:5)
  5 worker ants
  A mummy (D:4)
  3 gnolls (D:3)
  4 adders
  An ufetubus (D:5)
  An ooze (D:1)
  An adder skeleton (D:4)
  An adder zombie (D:5)
  2 worms (D:2)
  6 dart slugs
  4 leopard geckos
  5 orcs (D:5)
  9 bats
  6 giant cockroaches
  7 goblins
  7 hobgoblins
  16 jackals
  2 quokkas
  2 ball pythons
  A frilled lizard (D:3)
  A hobgoblin zombie (D:4)
  4 kobolds
  3 orc zombies (D:4)
  9 rats
  A butterfly (Temple)
115 creatures vanquished.

Vanquished Creatures (others)
  A plant (D:1)
1 creature vanquished.

Grand Total: 116 creatures vanquished

Notes
Turn   | Place    | Note
-------+----------+-------------------------------------------
     0 | D:1      | DildoBatman the Formicid Conjurer began the quest for the
                  | Orb.
     0 | D:1      | Reached XP level 1. HP: 13/13 MP: 3/3
   144 | D:1      | Reached XP level 2. HP: 19/19 MP: 0/5
   386 | D:1      | Reached XP level 3. HP: 24/24 MP: 3/6
   389 | D:1      | Learned a level 2 spell: Searing Ray
   912 | D:2      | Reached XP level 4. HP: 30/30 MP: 0/7
   964 | D:2      | Found a sacrificial altar of Ru.
  1049 | D:2      | Reached skill level 5 in Conjurations
  1140 | D:2      | Found a stormy altar of Qazlal.
  1202 | D:2      | Learned a level 3 spell: Dazzling Flash
  1354 | D:2      | Found a burning altar of Makhleb.
  1354 | D:2      | Noticed a balrug
  1357 | D:2      | Noticed a smoke demon
  1357 | D:2      | Noticed a ynoxinul
  1580 | D:2      | Found a runed translucent door.
  1581 | D:2      | Noticed Crazy Yiuf
  1697 | D:3      | Found a bloodstained altar of Trog.
  1855 | D:3      | Reached XP level 5. HP: 24/35 MP: 4/8
  2417 | D:4      | Reached skill level 3 in Spellcasting
  2417 | D:4      | Reached XP level 6. HP: 41/41 MP: 5/10
  2525 | D:4      | Found a staircase to the Ecumenical Temple.
  2534 | Temple   | Entered the Ecumenical Temple
  2578 | Temple   | Became a worshipper of Kikubaaqudgha
  2628 | D:4      | Found an ornate altar of the Wu Jian Council.
  2632 | D:4      | Found a hide-covered altar of Uskayaw.
  2633 | D:4      | Found a broken altar of Ashenzari.
  2637 | D:4      | Found a shimmering blue altar of Sif Muna.
  2708 | D:4      | Noticed Pikel
  2734 | D:4      | Killed Pikel
  2735 | D:4      | Reached skill level 6 in Spellcasting
  2735 | D:4      | Reached XP level 7. HP: 20/46 MP: 2/17
  2735 | D:4      | Reached XP level 8. HP: 23/52 MP: 2/18
  3047 | D:5      | Entered Level 5 of the Dungeon
  3064 | D:5      | Found a glowing silver altar of Zin.
  3069 | D:5      | Found Gadel's Book Shop.
  3076 | D:5      | Found Vokuc's Gadget Shop.
  3248 | D:5      | Found Opridaze's Distillery.
  3255 | D:5      | Bought a potion of curing for 42 gold pieces
  3302 | D:5      | Reached skill level 1 in Fighting
  3302 | D:5      | Reached skill level 1 in Armour
  3336 | D:5      | Reached skill level 7 in Spellcasting
  3363 | D:5      | Found Niwnurgh's Weapon Boutique.
  3400 | D:5      | Found a sparkling altar of Nemelex Xobeh.
  3401 | D:5      | Found an opulent altar of Gozag.
  3600 | D:5      | Reached * piety under Kikubaaqudgha
  3600 | D:5      | Identified Kikubaaqudgha's Handbook of Dark Rites
                  | (Kikubaaqudgha gifted it to you on level 5 of the Dungeon)
  3600 | D:5      | Received a gift from Kikubaaqudgha
  3605 | D:5      | Learned a level 2 spell: Sublimation of Blood
  3609 | D:5      | Learned a level 3 spell: Vampiric Draining
  3640 | D:5      | Reached skill level 1 in Necromancy
  3741 | D:5      | Found Ikluci's Magic Scroll Shop.
  3746 | D:5      | Bought a scroll of magic mapping for 49 gold pieces
  3870 | D:2      | HP: 2/58 [Crazy Yiuf/+3 quarterstaff of chaos (3)]
  3872 | D:2      | Slain by Crazy Yiuf

Illustrated notes

Levels and vault maps discovered:
D:1:      dpeg_arrival_three_same_balls, layout_rooms, minmay_misc_feat_x,
          serial_bayou_ford_a, minmay_pentomino_p2
D:2:      layout_basic, old_standard_altar, nicolae_ru_sacrificial_ziggurat,
          makhleb_altar_promises_db, uniq_crazy_yiuf_cottage
D:3:      layout_basic, kennysheep_minor_cross, corexii_corridor_pit,
          bloody_trog
D:4:      layout_loops_cross, minitemple, minmay_temple_entry_butterflies,
          minmay_mini_ossuary, uniq_pikel
D:5:      layout_loops_cross, grunt_temple_overflow_opulence, zin_academy,
          serial_shops, nicolae_shop_stone, shop, shop, shop,
          kennysheep_little_box, grunt_decor_one_mirror
Temple:   corrupted_temple

Skill      XL: |  1  2  3  4  5  6  7  8 |
---------------+-------------------------+-----
Conjurations   | 4 5 6 |  6.0
Spellcasting   | 3 6 7 |  7.0
Fighting       | 3 |  3.0
Armour         | 3 |  3.0
Dodging        | 2 |  2.5
Necromancy     | 1 |  1.7
Stealth        | |  2.4

Action                   |  1- 3 |  4- 6 |  7- 9 || total
-------------------------+-------+-------+-------++-------
Melee: Unarmed           |     5 |       |       ||     5
       Club              |    13 |       |       ||    13
       Dagger            |     1 |       |       ||     1
 Fire: Hunting sling     |       |     7 |    13 ||    20
 Cast: Magic Dart        |    67 |    59 |    18 ||   144
       Searing Ray       |     3 |    28 |    21 ||    52
       Dazzling Flash    |       |       |     5 ||     5
 Abil: Dig               |     1 |     3 |     2 ||     6
  Use: Scroll            |       |     7 |       ||     7
Armor: Robe              |     8 |     2 |     1 ||    11
Dodge: Dodged            |    17 |    13 |    16 ||    46
